 Dungeon Crawl Stone Soup version 0.31-a0-198-g2ad674f65e (webtiles) character file.

Game seed: 11568926933205371910

120 qw the Skirmisher (level 4, -1/25 HPs)
             Began as a Deep Elf Hunter on June 25, 2023.
             Slain by a gnoll
             ... wielding a +0 halberd
              (3 damage)
             ... on level 2 of the Dungeon.
             The game lasted 00:00:28 (881 turns).

qw the Skirmisher (Deep Elf Hunter)                  Turns: 881, Time: 00:00:29

Health: -1/25      AC:  5    Str: 10    XL:     4   Next: 75%
Magic:  6/6        EV: 11    Int: 14    God:
Gold:   101        SH:  0    Dex: 18    Spells: 3/3 levels left

rFire   . . .        Y - +1 shortbow
rCold   . . .        (shield currently unavailable)
rNeg    . . .        f - +0 ring mail
rPois   .            (no helmet)
rElec   .            (no cloak)
rCorr   .            (no gloves)
SInv    .            (no boots)
Will    .....        (no amulet)
Stlth   +            (no ring)
HPRegen 0.24/turn    (no ring)
MPRegen 0.10/turn

%: no passive effects
@: no status effects
A: no striking features
a: no special abilities


You were on level 2 of the Dungeon.
You visited 1 branch of the dungeon, and saw 2 of its levels.

You collected 101 gold pieces.


   Skills:
 - Level 1.5 Fighting
 + Level 8.2 Ranged Weapons
 - Level 2.4 Dodging
 - Level 1.2 Stealth


You had 3 spell levels left.
You didn't know any spells.
Your spell library was empty.

Inventory:

Hand Weapons
 Y - a +1 shortbow (weapon)
Armour
 f - a +0 ring mail (worn)
Potions
 h - a potion of mutation {unknown}

Dungeon Overview and Level Annotations

Branches:
Dungeon (2/15)

Altars:

Annotations:
D:2 exclusion: gnoll


Message History

You shoot an arrow. The arrow hits the gnoll.
You kill the gnoll!
Your Ranged Weapons skill increases to level 8!
You shoot an arrow. The arrow hits the gnoll.
The gnoll is moderately wounded.
The gnoll hits you from afar with a +0 spear.
The gnoll closely misses you.
You shoot an arrow. The arrow barely misses the gnoll.
The gnoll misses you.
You shoot an arrow. The arrow hits the gnoll.
The gnoll is heavily wounded.
The gnoll hits you from afar with a +0 spear!
You shoot an arrow. The arrow barely misses the gnoll.
The gnoll hits you from afar with a +0 spear!
Enter note:
Enter note:
Enter note:
Enter note:
Enter note:
Enter note:
Enter note:
Enter note:
Enter note:
Enter note:
874 ||| FLEEEEING.
875 ||| STILL FLEEEEING.
876 ||| FLEEEEING.
You shoot an arrow. The arrow hits the gnoll!
You kill the gnoll!
You shoot an arrow. The arrow hits the gnoll.
The gnoll is lightly wounded.
You shoot an arrow. The arrow barely misses the gnoll.
The gnoll hits you from afar with a +0 halberd.
You shoot an arrow. The arrow hits the gnoll!
The gnoll is severely wounded.
The gnoll hits you from afar with a +0 halberd!
You shoot an arrow. The arrow hits the gnoll.
You kill the gnoll!
The gnoll hits you from afar with a +0 halberd.
You die...

################
#...............
#.##############
#.# ## #######.#
#. #.)g.@..#
###. #.#######
..... #.# .###.
#g)..gg.. #.
#####g... ....
.. #### . ##


You could see a gnoll.

Vanquished Creatures
  Jessica (D:2)
  4 gnolls
  2 adders (D:2)
  A worm (D:2)
  3 dart slugs
  4 bats
  3 endoplasms (D:1)
  3 giant cockroaches (D:1)
  A goblin (D:1)
  4 hobgoblins
  3 jackals (D:1)
  A ball python (D:1)
  3 frilled lizards
  5 kobolds
  2 rats
40 creatures vanquished.

Notes
Turn   | Place    | Note
-------+----------+-------------------------------------------
     0 | D:1      | qw the Deep Elf Hunter began the quest for the Orb.
     0 | D:1      | Reached XP level 1. HP: 12/12 MP: 3/3
     0 | D:1      | 0 ||| qw: Version: 0.3-a-22-g0ed2b0b
     0 | D:1      | 0 ||| qw: Game counter: 5097
     0 | D:1      | 0 ||| qw: Melee chars always use a shield: true
     0 | D:1      | 0 ||| qw: God list: Okawaru
     0 | D:1      | 0 ||| qw: Allow faded altars: false
     0 | D:1      | 0 ||| qw: Do Orc after clearing Dungeon:15 true
     0 | D:1      | 0 ||| qw: Do second Lair branch before Depths: true
     0 | D:1      | 0 ||| qw: Lair rune preference: random
     0 | D:1      | 0 ||| qw: Goals: Normal
     0 | D:1      | 0 ||| PLANNING D:1-11
   112 | D:1      | Reached XP level 2. HP: 16/16 MP: 4/4
   114 | D:1      | Reached skill level 6 in Ranged Weapons
   231 | D:1      | Reached XP level 3. HP: 18/20 MP: 5/5
   503 | D:1      | Found a faded altar of an unknown god.
   506 | D:1      | 506 ||| UPGRADING to +0 ring mail.
   516 | D:1      | 516 ||| DROPPING +0 leather armour.
   517 | D:1      | 517 ||| READING scroll labelled ENUFIUWELAUV.
   518 | D:1      | 518 ||| READING scroll labelled CUROYDIET.
   519 | D:1      | 519 ||| READING scroll labelled JURROPL NOWOM.
   520 | D:1      | 520 ||| READING scroll labelled DIDYHIZ CIFIPTOU.
   521 | D:1      | 521 ||| DROPPING scroll of butterflies.
   606 | D:2      | Reached skill level 7 in Ranged Weapons
   674 | D:2      | Noticed Jessica
   677 | D:2      | Killed Jessica
   678 | D:2      | Reached XP level 4. HP: 25/25 MP: 6/6
   717 | D:2      | HP: 6/25 [poisoned by an adder]
   865 | D:2      | 865 ||| Stepping ~*~*~tactically~*~*~ (outnumbered).
   869 | D:2      | Reached skill level 8 in Ranged Weapons
   874 | D:2      | 874 ||| FLEEEEING.
   876 | D:2      | 876 ||| FLEEEEING.
   880 | D:2      | HP: 1/25 [gnoll/+0 halberd (9)]
   881 | D:2      | Slain by a gnoll

Levels and vault maps discovered:
D:1:      wander_arrival_estate, layout_rooms,
          dilly_ecumenical_altar_fadedgnrine
D:2:      layout_basic, nicolae_grassy_gnolls, uniq_jessica

Skill      XL: |  1  2  3  4 |
---------------+-------------+-----
Ranged Weapons | 6 7 8 |  8.2
Fighting       | |  1.5
Dodging        | |  2.4
Stealth        | |  1.2

Action                     |  1- 3 |  4- 6 || total
---------------------------+-------+-------++-------
   Fire: Shortbow          |    95 |    30 ||   125
    Use: Scroll            |     4 |       ||     4
 Armour: Leather armour    |     9 |       ||     9
         Ring mail         |     1 |     3 ||     4
  Dodge: Dodged            |    17 |     7 ||    24

Table legend:
 A = Non-vault XP
 B = Vault XP
 C = Vault XP percentage of total XP
 D = Non-vault monster count
 E = Vault monster count
 F = Vault count percentage of total count
                 A         B        C        D         E       F
            +---------+---------+-------+---------+---------+-------
      Total |     105 |      81 |  43.5 |      36 |       4 |  10.0
            +---------+---------+-------+---------+---------+-------
        D:1 |      60 |       0 |   0.0 |      26 |       0 |   0.0
        D:2 |      45 |      81 |  64.3 |      10 |       4 |  28.6
            +---------+---------+-------+---------+---------+-------
